 Dungeon Crawl Stone Soup version 0.29.1-15-g9cfb28693d (webtiles) character file.

Game seed: 14019708947121745709

19 Tarnath the Trooper (level 2, 0/25 HPs)
             Began as a Palentonga Fighter on Apr 13, 2023.
             Slain by Terence
             ... wielding a +0 flail
              (7 damage)
             ... on level 2 of the Dungeon.
             The game lasted 00:04:46 (1397 turns).

Tarnath the Trooper (Palentonga Fighter)            Turns: 1397, Time: 00:04:47

Health: 0/25       AC:  7    Str: 21    XL:     2   Next: 55%
Magic:  2/2        EV:  7    Int:  8    God:
Gold:   62         SH:  4    Dex:  9    Spells: 1/1 levels left

rFire   . . .      SeeInvis +   a - +0 flail
rCold   . . .      Faith    .   c - +0 buckler
rNeg    . . .      Spirit   .   b - +0 scale mail
rPois   .          Reflect  .   (no helmet)
rElec   .          Harm     .   (no cloak)
rCorr   .          Rampage  .   k - +0 pair of gloves
Will    .....                   (no barding)
Stlth   ..........              (no amulet)
HPRegen 0.08/turn               (no ring)
MPRegen 0.08/turn               (no ring)

@: no status effects
A: large, rugged brown scales 3, see invisible, deformed body, roll 1, armoured
tail
a: Rolling Charge


You were on level 2 of the Dungeon.
You visited 1 branch of the dungeon, and saw 2 of its levels.

You collected 62 gold pieces.

Inventory:

Hand Weapons
 a - a +0 flail (weapon)
Missiles
 h - 4 boomerangs
Armour
 b - a +0 scale mail (worn)
 c - a +0 buckler (worn)
 k - a +0 pair of gloves (worn)
Scrolls
 i - 2 scrolls of enchant weapon {unknown}
 j - a scroll of blinking {unknown}
 m - a scroll of enchant armour {unknown}
 n - a scroll of noise {unknown}
 o - a scroll of teleportation {unknown}
Potions
 d - a potion of might
 e - a potion of brilliance {unknown}
 f - a potion of heal wounds {unknown}
 g - a potion of attraction {unknown}
 l - 2 potions of magic {unknown}


   Skills:
 + Level 3.2 Fighting
 * Level 2.5 Maces & Flails
 + Level 2.6 Armour
 + Level 2.9 Shields


You had one spell level left.
You didn't know any spells.
Your spell library contained the following spells:

 Spells                   Type           Power      Damage    Failure   Level
 Sandblast                Erth           0%         2d4       83%         1
 Passwall                 Tmut/Erth      0%         N/A       92%         2
 Stone Arrow              Conj/Erth      0%         3d7       99%         3


Dungeon Overview and Level Annotations

Branches:
Dungeon (2/15)

Altars:

Shops:
D:2 (

Annotations:
D:2 Terence


Innate Abilities, Weirdness & Mutations

You are completely covered in rugged brown scales. (AC +3, +7% HP)
You have supernaturally acute eyesight. (SInv)
Armour fits poorly on your strangely shaped body.
You can roll at nearby foes to attack.
You have a long armoured tail.


Message History

Aim: a frilled lizard You roll forward with a clatter of scales!
You hit the frilled lizard.
You kill the frilled lizard!
You pick up a book of Geomancy and begin reading...
You add the spells Sandblast, Passwall and Stone Arrow to your library.
There is an open door here.
There is an open door here.
There is an open door here.
There is a stone staircase leading down here.
There is an open door here.
There is an open door here.
There is an open door here.
There is an open door here.
There is an open door here.
Partly explored, can't reach some places.
There is a stone staircase leading down here.
You climb downwards.
There is a stone staircase leading up here.
Found an escape hatch in the floor.
Found a stone staircase leading up.
Terence the Incautious comes into view.
He is wielding a +0 flail.
Terence shouts!
Okay, then.
Roll where?
Press: ? - help, Dir - move target, f - Terence
Aim: Terence, wielding a +0 flail and wearing a +0 ring mail You roll forward with a clatter of scales!
You barely miss Terence. Terence hits you with a +0 flail. x2
You closely miss Terence. You block Terence's attack.
You hit Terence.
Terence is lightly wounded.
Terence says, "How do you enjoy it?" Terence hits you with a +0 flail.
You hit Terence.
Terence is moderately wounded.
Terence hits you with a +0 flail.
* * * LOW HITPOINT WARNING * * *
You block Terence's attack. Terence attacks as you move away!
Terence hits you with a +0 flail!
You die...

###.###<####.....#
.................#
........####.....#
.##.########.....###
# #..........
#.######.#.<.....#
#.....##.#>......#
..#####.##.#........
........@...........
..#####@##..........
#.#.≈§≈≈≈.....
#..≈.....≈....
#...........
.≈.........≈
.≈...........
#.≈.....≈.....
.≈....≈.≈


You could see Terence.

Vanquished Creatures
  2 bats (D:1)
  3 endoplasms (D:1)
  A giant cockroach (D:1)
  A goblin (D:2)
  2 jackals (D:1)
  2 quokkas (D:1)
  A frilled lizard (D:1)
  2 kobolds (D:1)
  4 rats
18 creatures vanquished.

Notes
Turn   | Place    | Note
-------+----------+-------------------------------------------
     0 | D:1      | Tarnath the Palentonga Fighter began the quest for the Orb.
     0 | D:1      | Reached XP level 1. HP: 19/19 MP: 1/1
   144 | D:1      | You fall into a shaft and drop 1 floor!
   149 | D:2      | Found Tiukhlem's Weapon Emporium.
   487 | D:1      | Reached XP level 2. HP: 25/25 MP: 2/2
  1386 | D:2      | Noticed Terence
  1397 | D:2      | Slain by Terence

Illustrated notes

Levels and vault maps discovered:
D:1:      dreamdust_arrival_beginning_and_end, layout_loops_corners,
          serial_forest, infiniplex_forest_lined_room_3,
          infiniplex_forest_clump_double, infiniplex_forest_clump_diagonal,
          infiniplex_forest_clump_large, infiniplex_forest_end_2,
          infiniplex_forest_lined_2, infiniplex_forest_straight_4,
          infiniplex_forest_straight_4, infiniplex_forest_lined_corner,
          infiniplex_forest_end_double, minmay_fountain_box
D:2:      layout_loops_ring, serial_shops, nicolae_diamond_shop,
          shapermc_ecumenical_altar_starsandcircs, uniq_terence

Action                   || total
-------------------------++-------
Melee: Flail             ||    59
       Tailslap          ||     7
 Abil: Rolling Charge    ||     4
Armor: Scale mail        ||    30
Dodge: Dodged            ||    16
Block: Buckler           ||    15
